 Dungeon Crawl Stone Soup version 0.30-a0-782-ge64f9170bb (webtiles) character file.

Game seed: 4425938703359177756

2982568 Flugkiller the Archmage (level 27, 94/208 HPs)
             Began as a Djinni Conjurer on Mar 12, 2023.
             Was a High Priest of Cheibriados.
             Escaped with the Orb
             ... and 4 runes!
             The game lasted 01:43:49 (47543 turns).

Flugkiller the Archmage (Djinni Conjurer)          Turns: 47543, Time: 01:43:49

Health: 94/208     AC: 22    Str: 20    XL:     27
Gold:   6242       EV: 27    Int: 79    God:    Cheibriados [*****.] SH: 21 Dex: 28

rFire   + + .      SeeInvis .    p - +6 Majin-Bo {spellvamp, MP+6 Int+6}
rCold   x . .      Faith    .    P - +5 Storm Queen's Shield {shock, Fly rElec}
rNeg    . . .      Spirit   .    U - +3 ring mail "Ujaxan" {Int+6}
rPois   ∞          Reflect  .    J - +3 hat of Pondering {ponderous, Will+ MP+10 Int+5}
rElec   +          Harm     .    W - +4 dragonskin cloak
rCorr   .          Rampage  .    L - +3 pair of gauntlets of War {Slay+5}
Will    ++++.                    (boots unavailable)
Stlth   +                        o - amulet of Enebb {Regen+ Int+3}
HPRegen 1.34/turn                v - ring "Qenturis" {Int+6 Slay+2}
MPRegen 0.00/turn                V - ring of Wuymol {Wiz Int+9 Stlth-}

@: flying, very slow
A: sickness immunity, fire resistance 2, cold vulnerability 1, float, innate
caster, HP casting, extra vitality 1, claws 1, horns 1, iridescent scales 1,
clumsy 1, strong-willed 1, screaming 1, inability to drink after injury 1
0: Orb of Zot
}: 4/15 runes: decaying, slimy, silver, gossamer
a: Renounce Religion, Bend Time, Temporal Distortion, Slouch, Step From Time


You escaped.
You worshipped Cheibriados.
Cheibriados was extremely pleased with you.
You visited 9 branches of the dungeon, and saw 49 of its levels.
You also visited: Sewer, Gauntlet, Ice Cave and Wizlab.

You collected 7902 gold pieces.
You spent 1660 gold pieces at shops.

Inventory:

Hand Weapons
 p - the +6 Majin-Bo (weapon) {spellvamp, MP+6 Int+6}
   (You took it off Hellbinder in a wizard's laboratory)

   Int:       It affects your intelligence (+6).
   MP:        It affects your magic capacity (+6).
Missiles
 a - 18 curare-tipped darts
 Z - 4 throwing nets
Armour
 u - a +3 leather armour of cold resistance
   (You took it off Eustachio on level 4 of the Dungeon)
 J - the +3 hat of Pondering (worn) {ponderous, Will+ MP+10 Int+5}
   (You took it off Gastronok on level 9 of the Dungeon)

   Int:       It affects your intelligence (+5).
   MP:        It affects your magic capacity (+10).
   Will:      It increases your willpower.
 L - the +3 pair of gauntlets of War (worn) {Slay+5}
   (You found it in a Gauntlet)

   Slay:      It affects your accuracy & damage with ranged weapons and melee
   (+5).
 P - the +5 Storm Queen's Shield (worn) {shock, Fly rElec}
   (You found it on level 4 of the Lair of Beasts)

   Shock:     When it blocks an attack, it may electrocute the attacker.
   This works even against foes who are a short distance away.
   rElec:     It insulates you from electricity.
   Fly:       It grants you flight.
 U - the +3 ring mail "Ujaxan" (worn) {Int+6}
   (You bought it in a shop on level 5 of the Vaults)

   Int:       It affects your intelligence (+6).
 W - the +4 dragonskin cloak (worn)
   (You took it off Tiamat on level 2 of the Realm of Zot)

   Avatar's Aegis: It grants the wearer a chance to resist fire, cold, poison,
   electricity, acid, and negative energy.
Jewellery
 c - a ring of protection from cold
   (You found it on level 4 of the Swamp)
 f - a ring of protection from fire
   (You took it off a minotaur in a Gauntlet)
 g - the ring "Saitz" {rPois rF+ rCorr Int-4 SInv}
   (You found it on level 1 of the Orcish Mines)

   [ring of see invisible]

   Int:       It affects your intelligence (-4).
   rF:        It protects you from fire.
   rPois:     It protects you from poison.
   SInv:      It lets you see invisible.
   rCorr:     It protects you from acid and corrosion.
 o - the amulet of Enebb (around neck) {Regen+ Int+3}
   (You took it off a black draconian on level 4 of the Depths)

   [amulet of regeneration]

   Int:       It affects your intelligence (+3).
   Regen:     It increases your rate of health regeneration.
 v - the ring "Qenturis" (left hand) {Int+6 Slay+2}
   (You found it on level 5 of the Vaults)

   [ring of intelligence]

   Int:       It affects your intelligence (+6).
   Slay:      It affects your accuracy & damage with ranged weapons and melee
   (+2).
 D - the ring "Maihoogu" {Dex+6 Stlth+}
   (You found it on level 1 of the Orcish Mines)

   [ring of dexterity]

   Dex:       It affects your dexterity (+6).
   Stlth:     It makes you more stealthy.
 R - a +4 ring of protection
   (You found it on level 4 of the Lair of Beasts)
 V - the ring of Wuymol (right hand) {Wiz Int+9 Stlth-}
   (You found it in a Gauntlet)

   [ring of wizardry]

   It improves your spell success rate.
   Int:       It affects your intelligence (+9).
   Stlth:     It makes you less stealthy.
 X - the ring "Ygenepo" {Will+ Int+2}
   (You took it off an ogre mage on level 5 of the Vaults)

   [ring of willpower]

   Int:       It affects your intelligence (+2).
   Will:      It increases your willpower.
Wands
 h - a wand of quicksilver (7)
   (You found it on level 3 of the Swamp)
 k - a wand of digging (12)
   (You found it on level 2 of the Swamp)
 A - a wand of iceblast (58)
   (You found it on level 5 of the Dungeon)
 G - a wand of mindburst (41)
   (You found it on level 8 of the Dungeon)
 Q - a wand of paralysis (30)
   (You found it on level 4 of the Lair of Beasts)
Scrolls
 e - 7 scrolls of vulnerability
 m - 3 scrolls of magic mapping
 r - 27 scrolls of identify
 t - 23 scrolls of teleportation
 B - 3 scrolls of fog
 C - 3 scrolls of fear
 E - 12 scrolls of poison
 I - a scroll of butterflies
 S - 7 scrolls of immolation
Potions
 b - 5 potions of invisibility
 d - 12 potions of might
 j - 11 potions of brilliance
 l - 9 potions of lignification
 n - 4 potions of resistance
 q - 22 potions of curing
 s - 14 potions of ambrosia
 w - 4 potions of heal wounds
 x - 10 potions of attraction
 y - 3 potions of berserk rage
 F - 10 potions of cancellation
 M - 4 potions of mutation
Miscellaneous
 i - a lightning rod (4/4)
   (You found it on level 2 of the Vaults)
 K - a box of beasts
   (You found it on level 2 of the Depths)
 N - a phial of floods
   (You found it on level 3 of the Depths)
 O - a phantom mirror
   (You found it on level 2 of the Lair of Beasts)
 T - a tin of tremorstones (2/2)
   (You found it on level 5 of the Lair of Beasts)


   Skills:
 + Level 20.9 Fighting
 - Level 18.0 Dodging
 - Level 1.5 Stealth
 - Level 15.0 Shields
 O Level 27 Spellcasting
 - Level 13.0 Invocations
 - Level 8.0 Evocations


You couldn't memorise any spells.
You knew the following spells:

 Your Spells              Type           Power      Damage    Failure   Level
a - Magic Dart            Conj           100%       1d8       0%          1
b - Searing Ray           Conj           100%       2d8       0%          2
c - Dazzling Flash        Conj/Hex       100%       N/A       0%          3
d - Fulminant Prism       Conj/Hex       88%        3d35      0%          4
e - Iskenderun's Mystic   Conj/Tloc      100%       2d19      0%          4
f - Sandblast             Erth           100%       2d20      0%          1
g - Call Imp              Summ           100%       N/A       0%          2
h - Hailstorm             Conj/Ice       100%       3d20      0%          3
i - Lightning Bolt        Conj/Air       88%        1d117     0%          5
j - Agony                 Necr           100%       N/A       0%          5
k - Dispersal             Tloc           88%        N/A       0%          6
l - Statue Form           Tmut/Erth      100%       N/A       0%          6
m - Conjure Ball Lightni  Conj/Air       88%        3x3d33    0%          6
n - Discord               Hex            88%        N/A       0%          8
o - Death's Door          Necr           88%        N/A       1%          9
r - Blink                 Tloc           100%       N/A       0%          2
I - Ignition              Fire           88%        3d23      0%          8
P - Borgnjor's Revivific  Necr           88%        N/A       0%          8
Your spell library was empty.

Dungeon Overview and Level Annotations

Branches:
Dungeon (15/15)            Temple (0/1) D:6            Lair (5/5) D:9
  Swamp (4/4) Lair:3       Spider (4/4) Lair:3        Slime (5/5) Lair:4
    Orc (2/2) D:11            Elf (0/3) Orc:2        Vaults (5/5) D:13
  Crypt (0/3) Vaults:2     Depths (4/4) D:15            Zot (5/5) Depths:4
  Sewer (visited)           IceCv (visited)          WizLab (visited)
Gauntlet (visited)

Altars:
Ashenzari
Cheibriados
Elyvilon
Fedhas
Hepliaklqana
Makhleb
Nemelex Xobeh
Okawaru
Qazlal
Ru
Uskayaw
Wu Jian
Xom
Yredelemnul
Jiyva

Shops:
D:3 (   D:7 =   D:8 (   D:9 =![=*   D:13 ?   Orc:2 [*(:   Vaults:2 [
Vaults:3 (   Vaults:5 [   Depths:1 ![*(

Portals:
Hell: Depths:1 Depths:2 Depths:3 Depths:4
Abyss: Depths:1 Depths:3 Depths:4
Pandemonium: Depths:2
Ziggurat: Depths:2

Annotations:
D:4 2 runed translucent doors, emiel's ghost, amateur SpAE
D:11 1 runed translucent door, Angani's ghost, journeyman DrHW
Lair:5 exclusion: obsidian statue
Vaults:3 8 runed translucent doors, Uhurudgh's ghost, veteran DgEE


Innate Abilities, Weirdness & Mutations

You are immune to sickness and miasma.
You are immune to poison.
Your flesh is very heat resistant. (rF++)
You are vulnerable to cold. (rC-)
You float through the air rather than walking.
You learn spells naturally, not from books.
Your magical power is your life essence.
You have superior vitality. (+4 MHP)
You have sharp fingernails.
You have a pair of small horns on your head.
You are partially covered in iridescent scales. (AC +2)
You are clumsy. (Dex -2)
You are strong-willed. (Will+)
You occasionally shout uncontrollably at your foes.
You occasionally lose the ability to drink potions when taking damage.


Message History

The mystic blast hits Jukhlita!
Jukhlita is heavily wounded.
Jukhlita is knocked back by the mystic blast.
Jukhlita slams into the rock wall!
Jukhlita is heavily wounded.
Casting: Iskenderun's Mystic Blast (safe; 0% risk of failure)
Confirm with . or Enter, or press ? or * to list all spells.
You erupt in a blast of force!
The mystic blast hits the demonspawn corrupter!!
The demonspawn corrupter is lightly wounded.
The demonspawn corrupter is knocked back by the mystic blast.
The demonspawn corrupter slams into the rock wall!
The demonspawn corrupter is moderately wounded.
The mystic blast hits Jukhlita!!
Jukhlita is severely wounded.
Jukhlita is knocked back by the mystic blast.
Jukhlita slams into the rock wall!
Jukhlita is severely wounded.
The mystic blast hits the cacodemon!
The cacodemon is moderately wounded.
The cacodemon is knocked back by the mystic blast.
Casting: Iskenderun's Mystic Blast (safe; 0% risk of failure)
Confirm with . or Enter, or press ? or * to list all spells.
You erupt in a blast of force!
The mystic blast hits the cacodemon!
The cacodemon is heavily wounded.
The cacodemon is knocked back by the mystic blast.
The mystic blast hits Jukhlita!!
Jukhlita is almost dead.
Jukhlita is knocked back by the mystic blast.
Jukhlita slams into the rock wall!
Jukhlita is almost dead.
Jukhlita hits you but does no damage.
Casting: Iskenderun's Mystic Blast (safe; 0% risk of failure)
Confirm with . or Enter, or press ? or * to list all spells.
You erupt in a blast of force!
The mystic blast hits the demonspawn corrupter!
The demonspawn corrupter is moderately wounded.
The mystic blast hits Jukhlita!
Jukhlita is almost dead.
Jukhlita is knocked back by the mystic blast.
Jukhlita slams into the rock wall!
You kill Jukhlita!
Cheibriados thoroughly appreciates the change of pace.
* * * LOW HITPOINT WARNING * * *
The cacodemon gestures next to the demonspawn corrupter.
Some rock shatters into small pieces.
Casting: Iskenderun's Mystic Blast (safe; 0% risk of failure)
Confirm with . or Enter, or press ? or * to list all spells.
You erupt in a blast of force!
The mystic blast hits the demonspawn corrupter!
The demonspawn corrupter is heavily wounded.
The demonspawn corrupter is knocked back by the mystic blast.
* * * LOW HITPOINT WARNING * * *
Casting: Iskenderun's Mystic Blast (safe; 0% risk of failure)
Confirm with . or Enter, or press ? or * to list all spells.
You erupt in a blast of force!
The mystic blast hits the demonspawn corrupter!
The demonspawn corrupter is heavily wounded.
The demonspawn corrupter is knocked back by the mystic blast.
The mystic blast hits the cacodemon!
The cacodemon is heavily wounded.
The cacodemon is knocked back by the mystic blast.
The cacodemon slams into the rock wall!
* * * LOW HITPOINT WARNING * * *
Casting: Iskenderun's Mystic Blast (safe; 0% risk of failure)
Confirm with . or Enter, or press ? or * to list all spells.
You erupt in a blast of force!
The mystic blast hits the cacodemon!
The cacodemon is severely wounded.
The cacodemon is knocked back by the mystic blast.
The cacodemon collides with the demonspawn corrupter!
The demonspawn corrupter is severely wounded.
The cacodemon is severely wounded.
* * * LOW HITPOINT WARNING * * *
The demonspawn corrupter calls down the wrath of Lugonu upon you.
The entropic weave corrodes you!
Your system partially rejects the healing.
You feel much better.
Your surroundings suddenly seem different.
You hear a grinding noise.
You hear a grinding noise.
You hear a grinding noise.
You hear a grinding noise.
You hear a grinding noise.
You hear a grinding noise.
You are no longer corroded.
You hear a grinding noise. x2
You see here 6 javelins.
You hear a grinding noise.
There is a staircase leading out of the dungeon here.
Unknown command.
Really quaff the potion of mutation?
Okay, then.
Really quaff the potion of mutation?
You feel extremely strange.
Your system completely accepts the healing effects of potions.
You feel robust.
You lose the ability to drink potions when taking damage less often.
You feel clumsy.
Your fingernails lengthen.
Enter note: gg You have escaped!

.P...P...# #......##########
PP.....### #.#.##..........#
P..PP..# ###.###.#######.#
PPP.P..# ###.###.#######.#
.......# #.....#.....#..(#
###..#.#####
#.###.###.#.#.###
...........###.# #...#.#...#
######.......#.#####.#.#####
# #####.###.#@..#.#...# #
#.# #.###.#+###.### # #.#
###...#...#...# # #.#
###.#####.###.# # #.# #...#
#.....#.# ##########)#
#(#####.###.#.# ##.......^.#
#...#...# #.#.# .....)♣##.>#
###.#.#.###.#.# ..P~~....♣.#
#...#.....#.#


There were no monsters in sight!

Vanquished Creatures
  the Royal Jelly (Slime:5)
  2 dread liches
  3 ancient liches
  Tiamat (Zot:2)
  8 orbs of fire (Zot:5)
  Mennas (Vaults:5)
  A juggernaut (Depths:3)
  A pandemonium lord (D:1)
  5 Killer Klowns (Zot:5)
  Frederick (Depths:3)
  Xtahua (Vaults:5)
  A curse toe (Zot:5)
  4 golden dragons
  2 electric golems
  Hellbinder (WizLab)
  Jorgrun (D:13)
  A hellephant (Depths:2)
  2 Ice Fiends
  14 tentacled monstrosities
  25 Orb Guardians
  4 liches
  4 titans (Vaults:5)
  9 quicksilver dragons
  Gastronok (D:9)
  9 death cobs
  20 acid blobs
  6 shadow dragons
  Agnes (Vaults:2)
  11 storm dragons
  4 sphinxes
  Frances (Swamp:1)
  5 tengu reavers
  Kirke (Swamp:3)
  A fenstrider witch (Swamp:3)
  15 azure jellies
  7 fire giants
  8 draconian monks
  An azure jelly (shapeshifter) (Vaults:5)
  8 draconian knights
  9 emperor scorpions
  A daeva (D:11)
  4 frost giants
  16 rockslimes
  2 iron dragons (Vaults:5)
  3 balrugs (WizLab)
  A draconian scorcher (Depths:4)
  The ghost of Dirian the Warrior, a journeyman MiFi of Ru (Orc:2)
  5 ghost moths
  Louise (D:14)
  15 vault wardens
  A draconian stormcaller (Zot:5)
  7 draconian annihilators
  A curse skull (Depths:2)
  5 orc warlords
  4 spectral caustic shrikes (Depths:3)
  2 draconian shifters (Zot:1)
  A caustic shrike zombie (Depths:1)
  17 ironbound preservers
  2 cacodemons (WizLab)
  A spriggan defender (Vaults:2)
  9 quicksilver oozes
  8 stone giants
  9 ironbound thunderhulks
  A reaper (Depths:4)
  13 very ugly things
  6 broodmothers
  4 vampire knights
  6 war gargoyles
  A demonspawn black sun (WizLab)
  A deep elf demonologist (Depths:3)
  Nessos (D:14)
  16 black draconians
  Azrael (D:12)
  A lorocyproca (D:14)
  A bunyip (shapeshifter) (D:15)
  4 eleionomae
  14 dire elephants
  8 green draconians
  5 bunyips
  2 deep elf annihilators
  A minotaur (Gauntlet)
  9 white draconians
  13 purple draconians
  8 red draconians
  2 spark wasps
  26 ettins
  6 yellow draconians
  A crystal guardian (Vaults:3)
  A deep elf death mage (Vaults:5)
  A merfolk javelineer (Depths:3)
  A green death (Depths:4)
  8 fire dragons
  14 yaktaur captains
  7 entropy weavers
  3 shambling mangroves
  3 deep elf high priests (Vaults:5)
  8 ice dragons
  Harold (D:9)
  Josephine (Spider:1)
  2 ghost crabs
  3 peacekeepers
  3 rakshasas
  A great orb of eyes (shapeshifter) (Vaults:5)
  10 great orbs of eyes
  A hell beast (WizLab)
  3 caustic shrike simulacra (IceCv)
  4 ogre magi
  A hydra (shapeshifter) (Vaults:5)
  7 ironbound frosthearts
  30 vault guards
  29 centaur warriors
  4 jorogumos
  3 spriggan air magi
  4 catoblepae
  The ghost of jt the Basher, a journeyman GrSu of Zin (Orc:1)
  23 hydras
  An anaconda (shapeshifter) (Vaults:5)
  9 boulder beetles
  A dancing weapon (Vaults:4)
  5 deep troll shamans
  10 tengu warriors
  11 two-headed ogres
  7 death yaks
  8 alligators
  A death scarab (Spider:4)
  6 deep troll earth magi
  3 orc high priests (Orc:2)
  A vampire mage (Depths:1)
  2 titan zombies (Depths:3)
  A spriggan berserker (Depths:1)
  14 hell hogs
  9 hell knights
  2 soul eaters
  4 sun demons
  Nergalle (Orc:1)
  Urug (D:12)
  3 spectral death yaks (Lair:5)
  2 titan skeletons (Depths:2)
  2 shadow wraiths
  3 sixfirhies
  2 skysharks (Lair:4)
  4 iron trolls
  16 skeletal warriors (Depths:2)
  4 goliath frogs
  5 pharaoh ants
  A skyshark (shapeshifter) (Vaults:5)
  A salamander mystic (Depths:4)
  2 sun moths
  57 deep trolls
  11 swamp dragons
  3 bog bodies
  3 spriggan druids
  An orb spider (shapeshifter) (Vaults:5)
  A spectral anaconda (Lair:5)
  Lodul (D:11)
  84 slime creatures
  12 ironbound convokers
  5 glowing orange brains
  2 death drakes (Depths:4)
  Pikel (D:8)
  4 golden dragon skeletons (Depths:2)
  A storm dragon skeleton (Depths:2)
  9 wizards
  11 orb spiders
  4 harpies
  2 shadow demons (WizLab)
  3 spriggan simulacra (IceCv)
  An obsidian statue (IceCv)
  5 steelbarb worms
  7 necromancers
  2 sphinx zombies (Vaults:4)
  22 wolf spiders
  4 phantasmal warriors (Vaults:5)
  34 ugly things
  2 deep elf pyromancers
  A wolf spider (shapeshifter) (Vaults:5)
  25 lindwurms
  6 orc sorcerers
  13 orc knights
  A shining eye (shapeshifter) (Vaults:5)
  4 salamanders (Depths:4)
  2 tengu skeletons
  A mana viper (shapeshifter) (Vaults:2)
  7 cyclopes
  2 shadow dragon skeletons (Depths:2)
  2 manticores
  A stone giant skeleton (Vaults:4)
  Maurice (D:12)
  6 will-o-the-wisps
  2 stone giant zombies (Depths:3)
  20 elephants
  2 iron dragon skeletons (Depths:2)
  4 fire giant skeletons (Depths:2)
  3 shining eyes
  A guardian serpent (Lair:2)
  Joseph (D:8)
  12 vault sentinels
  2 human skeletons (Vaults:4)
  13 demonic crawlers
  15 moths of wrath
  A frost giant skeleton (Depths:2)
  2 sphinx skeletons (Depths:2)
  4 black mambas
  2 orange demons (WizLab)
  5 smoke demons (Depths:4)
  A gargoyle (Gauntlet)
  An eye of devastation (Slime:5)
  A large abomination (Depths:4)
  2 torpor snails
  4 rime drakes
  21 yaktaurs
  6 cane toads
  A dire elephant skeleton (Lair:5)
  5 anaconda simulacra (IceCv)
  An unseen horror (Depths:4)
  10 komodo dragons
  3 tormentors (WizLab)
  4 red devils (WizLab)
  2 tengu conjurers
  3 freezing wraiths
  A tyrant leech (shapeshifter) (Depths:4)
  7 ice devils
  2 polar bears (Lair:4)
  5 meliai (Spider:4)
  5 trolls
  13 tyrant leeches
  3 bloated husks
  26 tarantellas
  Grinder (D:5)
  A sphinx simulacrum (Depths:1)
  2 hellwings (WizLab)
  15 hornets
  A dream sheep (shapeshifter) (Vaults:4)
  A stone giant simulacrum (Vaults:4)
  A slime creature (shapeshifter) (Vaults:5)
  13 flying skulls (Depths:2)
  A spectral elephant (Lair:5)
  36 jumping spiders
  45 yaks
  2 spriggan skeletons
  2 vampires (D:12)
  22 culicivoras
  A shadow (D:12)
  A small abomination (Depths:4)
  An ettin skeleton (Depths:2)
  3 water elementals (D:14)
  A ynoxinul (WizLab)
  6 hogs (Swamp:3)
  5 wraiths
  A human (shapeshifter) (Vaults:5)
  2 humans (D:7)
  7 spriggans
  5 wyverns
  Grum (D:8)
  A basilisk (shapeshifter) (Vaults:4)
  Eustachio (D:4)
  14 vampire mosquitoes
  6 golden eyes (Slime:3)
  2 steam dragons
  5 basilisks
  4 fire elementals (D:12)
  68 redbacks
  5 chaos spawn
  5 neqoxecs
  A human simulacrum (Vaults:4)
  A death yak simulacrum (Lair:5)
  A harpy simulacrum (IceCv)
  An ogre zombie (Vaults:4)
  A human zombie (Depths:1)
  A spectral cane toad (Lair:5)
  8 minotaur simulacra (IceCv)
  3 acid dragons
  19 swamp worms
  9 water moccasins
  A glowing shapeshifter skeleton (Depths:2)
  A floating eye (shapeshifter) (Vaults:5)
  3 hell hounds (D:12)
  8 swamp drakes
  48 orc warriors
  2 black bears
  16 ogres
  6 ice beasts (D:9)
  5 alligator simulacra (IceCv)
  20 wolves
  2 ettin simulacra
  11 boggarts
  An elephant zombie (Lair:5)
  9 centaurs
  An elephant skeleton (Lair:5)
  4 lemures (D:8)
  3 phantoms
  9 kobold brigands
  12 bullfrogs
  2 gnoll sergeants
  A necrophage (D:5)
  A cane toad simulacrum (Lair:5)
  7 scorpions
  9 deep troll simulacra (IceCv)
  9 wights
  3 elephant simulacra (Lair:5)
  17 killer bees
  3 lindwurm simulacra (IceCv)
  10 electric eels
  9 jellies
  7 howler monkeys
  A lava snake (D:10)
  3 quasits (Orc:1)
  6 hounds
  A gnoll bouda (D:7)
  31 orc priests
  4 iguanas
  36 orc wizards
  5 hell rats
  12 adders
  15 gnolls
  A river rat (D:4)
  4 shadow imps
  4 white imps
  2 ufetubi (D:5)
  6 worms
  A dart slug (D:3)
  92 orcs
  17 endoplasms
  5 giant cockroaches
  5 goblins
  7 hobgoblins
  4 jackals (D:2)
  26 kobolds
  2 quokkas
  6 ball pythons
  4 bats
  2 frilled lizards (D:1)
  10 rats
  2 butterflies
2254 creatures vanquished.

Vanquished Creatures (collateral kills)
  4 ball lightnings
4 creatures vanquished.

Vanquished Creatures (others)
  A black draconian (Zot:1)
  An alligator (Swamp:2)
  2 centaur warriors (Vaults:2)
  A wizard (Vaults:3)
  2 ugly things (Vaults:3)
  A meliai (Spider:4)
  An orc wizard (Orc:2)
  172 ball lightnings
  2 bushes (Lair:4)
  2 demonic plants (Gauntlet)
  27 foxfires
  83 fulminant prisms
  5 fungi
  28 plants
  18 withered plants
346 creatures vanquished.

Grand Total: 2604 creatures vanquished

Notes
Turn   | Place    | Note
-------+----------+-------------------------------------------
     0 | D:1      | Flugkiller the Djinni Conjurer began the quest for the Orb.
     0 | D:1      | Flugkiller set off with the following spells memorised:
                  | Magic Dart, Searing Ray, Dazzling Flash, Fulminant Prism,
                  | Iskenderun's Mystic Blast.
     0 | D:1      | Reached XP level 1. HP: 15/15 MP: 0/0
   379 | D:1      | Reached skill level 1 in Fighting
   379 | D:1      | Reached XP level 2. HP: 16/22 MP: 0/0
   601 | D:1      | Reached XP level 3. HP: 20/27 MP: 0/0
   601 | D:1      | Learned a level 1 spell: Sandblast
  1673 | D:3      | Reached skill level 4 in Spellcasting
  1673 | D:3      | Reached XP level 4. HP: 24/33 MP: 0/0
  2262 | D:3      | Found Amewou's Antique Weapon Shop.
  2607 | D:3      | Reached XP level 5. HP: 32/39 MP: 0/0
  2607 | D:3      | Learned a level 2 spell: Call Imp
  2703 | D:3      | Found a basalt altar of Yredelemnul.
  3023 | D:4      | Reached XP level 6. HP: 40/45 MP: 0/0
  3096 | D:4      | Reached skill level 5 in Spellcasting
  3107 | D:4      | Noticed Eustachio
  3126 | D:4      | Killed Eustachio
  3127 | D:4      | Reached XP level 7. HP: 33/51 MP: 0/0
  3127 | D:4      | Learned a level 2 spell: Blink
  3186 | D:4      | Found a large runed translucent door.
  3186 | D:4      | Found a large runed translucent door.
  3190 | D:4      | Noticed emiel's ghost (amateur SpAE)
  3350 | D:4      | Found a glowing drain.
  3359 | Sewer    | Entered a sewer
  3455 | Sewer    | Reached skill level 6 in Spellcasting
  3718 | Sewer    | Reached XP level 8. HP: 48/58 MP: 0/0
  4075 | Sewer    | Reached skill level 5 in Fighting
  4439 | D:4      | Found a hide-covered altar of Uskayaw.
  4633 | D:4      | Found a snail-covered altar of Cheibriados.
  4818 | D:4      | Became a worshipper of Cheibriados the Contemplative
  4904 | D:5      | Entered Level 5 of the Dungeon
  4908 | D:5      | Reached skill level 7 in Spellcasting
  5121 | D:5      | Reached XP level 9. HP: 49/66 MP: 0/0
  5121 | D:5      | Learned a level 3 spell: Hailstorm
  5348 | D:5      | Found a white marble altar of Elyvilon.
  5408 | D:5      | Noticed Grinder
  5412 | D:5      | Killed Grinder
  5542 | D:5      | Reached skill level 8 in Spellcasting
  5664 | D:5      | Reached * piety under Cheibriados
  6038 | D:5      | Gained mutation: You passively map a small area around you.
                  | [potion of mutation]
  6038 | D:5      | Gained mutation: You are frail. (-10% HP) [potion of
                  | mutation]
  6038 | D:5      | Gained mutation: Your body sometimes deteriorates upon
                  | taking damage. [potion of mutation]
  6039 | D:5      | Lost mutation: You passively map a small area around you.
                  | [potion of mutation]
  6039 | D:5      | Lost mutation: Your body sometimes deteriorates upon taking
                  | damage. [potion of mutation]
  6039 | D:5      | Gained mutation: You are partially covered in iridescent
                  | scales. (AC +2) [potion of mutation]
  6039 | D:5      | Gained mutation: You have hidden genetic potential. [potion
                  | of mutation]
  6454 | D:6      | Reached XP level 10. HP: 52/67 MP: 0/0
  6566 | D:6      | Found a staircase to the Ecumenical Temple.
  6571 | D:6      | Reached skill level 9 in Spellcasting
  6587 | D:6      | Found a broken altar of Ashenzari.
  6649 | D:6      | Reached ** piety under Cheibriados
  7036 | D:7      | Gained mutation: You are agile. (Dex +4, Str/Int -1)
                  | [hidden potential]
  7043 | D:7      | Reached *** piety under Cheibriados
  7107 | D:7      | Found Xidop's Jewellery Shoppe.
  7330 | D:7      | Found an iron altar of Okawaru.
  7733 | D:8      | Reached skill level 10 in Spellcasting
  7744 | D:8      | Noticed Grum
  7751 | D:8      | Killed Grum
  7751 | D:8      | Reached **** piety under Cheibriados
  7834 | D:8      | Reached XP level 11. HP: 69/75 MP: 0/0
  7834 | D:8      | Learned a level 5 spell: Lightning Bolt
  7839 | D:8      | Noticed Joseph
  7845 | D:8      | Killed Joseph
  7969 | D:8      | Found Azaimiy's Antique Weapon Shoppe.
  8070 | D:8      | Found a hazy altar of Hepliaklqana.
  8071 | D:8      | Found a shimmering altar of Xom.
  8153 | D:8      | Noticed Pikel
  8166 | D:8      | Killed Pikel
  8176 | D:8      | Gained mutation: You are covered in fur. (AC +1) [hidden
                  | potential]
  8176 | D:8      | Lost mutation: You have hidden genetic potential. [hidden
                  | potential expressed]
  8311 | D:8      | Reached skill level 11 in Spellcasting
  8657 | D:9      | Found Oppieg's Antique Armour Emporium.
  8658 | D:9      | Noticed Harold
  8664 | D:9      | Killed Harold
  8669 | D:9      | Reached skill level 10 in Fighting
  8669 | D:9      | Reached ***** piety under Cheibriados
  8675 | D:9      | Noticed a two-headed ogre
  8734 | D:9      | Killed a two-headed ogre
  8833 | D:9      | Found a staircase to the Lair.
  8839 | D:9      | Found Kokoi's Jewellery Emporium.
  8854 | D:9      | Noticed Gastronok
  8887 | D:9      | Killed Gastronok
  8978 | D:9      | Found Isyxox's Jewellery Shoppe.
  9029 | D:9      | Found Osol's Distillery.
  9032 | D:9      | Bought a potion of cancellation for 80 gold pieces
  9182 | D:9      | Found Hoit's Assorted Antiques.
  9207 | D:9      | Found a sparkling altar of Nemelex Xobeh.
  9246 | D:9      | Found Zyzxal's Gadget Gallery.
  9251 | D:9      | Noticed a two-headed ogre
  9255 | D:9      | Killed a two-headed ogre
  9256 | D:9      | Reached skill level 5 in Dodging
  9256 | D:9      | Reached XP level 12. HP: 73/81 MP: 0/0
  9381 | D:10     | Entered Level 10 of the Dungeon
  9581 | D:10     | Found an ornate altar of the Wu Jian Council.
  9606 | D:10     | Reached skill level 1 in Evocations
  9660 | D:10     | Reached skill level 1 in Invocations
  9664 | D:10     | Found a burning altar of Makhleb.
 10318 | D:11     | Noticed Lodul
 10324 | D:11     | Killed Lodul
 10346 | D:11     | Found a runed translucent door.
 10348 | D:11     | Noticed Angani's ghost (journeyman DrHW)
 10351 | D:11     | Found a blossoming altar of Fedhas.
 10562 | D:11     | Reached ****** piety under Cheibriados
 10617 | D:11     | Found a staircase to the Orcish Mines.
 10784 | Lair:1   | Entered Level 1 of the Lair of Beasts
 10787 | Lair:1   | Reached skill level 5 in Evocations
 10789 | Lair:1   | Reached skill level 5 in Invocations
 11116 | Lair:1   | Reached XP level 13. HP: 83/86 MP: 0/0
 11116 | Lair:1   | Learned a level 5 spell: Agony
 12126 | Lair:2   | Reached skill level 10 in Dodging
 12206 | Lair:2   | Found the +3 pair of seven-league boots {Rampage+∞}
 12738 | Lair:3   | Noticed a catoblepas
 12744 | Lair:3   | Killed a catoblepas
 12915 | Lair:3   | Found a hole to the Spider Nest.
 12991 | Lair:3   | Found a staircase to the Swamp.
 13307 | Lair:4   | Found a viscous altar of Jiyva.
 13307 | Lair:4   | Found a staircase to the Slime Pits.
 13392 | Lair:4   | Reached skill level 12 in Spellcasting
 13496 | Lair:4   | Reached XP level 14. HP: 61/92 MP: 0/0
 13836 | Lair:4   | Found the +5 Storm Queen's Shield {shock, Fly rElec}
 14193 | Lair:5   | Entered Level 5 of the Lair of Beasts
 14247 | Lair:5   | Reached skill level 1 in Shields
 14767 | Lair:5   | Noticed a dire elephant
 14779 | Lair:5   | Noticed a dire elephant
 14787 | Lair:5   | Killed a dire elephant
 14788 | Lair:5   | Reached skill level 13 in Spellcasting
 14945 | Lair:5   | Killed a dire elephant
 15734 | D:12     | Reached XP level 15. HP: 96/100 MP: 0/0
 15734 | D:12     | Learned a level 6 spell: Dispersal
 16066 | D:12     | Noticed Maurice
 16068 | D:12     | Killed Maurice
 16134 | D:12     | Noticed Urug
 16139 | D:12     | Killed Urug
 16235 | D:12     | Noticed Azrael
 16245 | D:12     | Killed Azrael
 16420 | D:13     | Reached skill level 5 in Shields
 16453 | D:13     | Found a gate leading to a gauntlet.
 16458 | Gauntlet | Entered a Gauntlet
 16458 | Gauntlet | Found a transporter.
 16458 | Gauntlet | Found a transporter.
 16473 | Gauntlet | Found a transporter.
 16473 | Gauntlet | Found the +3 pair of gauntlets of War {Slay+5}
 16477 | Gauntlet | Found a transporter.
 16485 | Gauntlet | Found a transporter.
 16489 | Gauntlet | Found a transporter.
 16495 | Gauntlet | Found a runed translucent gate.
 16495 | Gauntlet | Found a runed translucent gate.
 16495 | Gauntlet | Found a runed translucent gate.
 16497 | Gauntlet | Found a transporter.
 16517 | Gauntlet | Found a transporter.
 16534 | Gauntlet | Found a transporter.
 16538 | Gauntlet | Found a transporter.
 16546 | Gauntlet | Found a transporter.
 16550 | Gauntlet | Found a transporter.
 16808 | Gauntlet | Identified the +5 sling "Raesk" {flame, rPois Will+ Int+3}
 16829 | Gauntlet | Identified the ring of Wuymol {Wiz Int+9 Stlth-}
 16867 | Gauntlet | Identified the +8 rapier of Risk Management {vamp, *Slow
                  | +Blink rC++ Dex+3}
 16890 | Gauntlet | Identified the amulet "Jeyg" {Regen+ Dex+5}
 16944 | D:13     | Reached skill level 14 in Spellcasting
 17006 | D:13     | Noticed Jorgrun
 17008 | D:13     | Killed Jorgrun
 17052 | D:13     | Found Cierphu's Magic Scroll Emporium.
 17060 | D:13     | Bought a scroll of acquirement for 728 gold pieces
 17146 | D:13     | Paralysed by a great orb of eyes for 2 turns
 17476 | D:13     | Found a gate to the Vaults.
 17718 | D:14     | Noticed Nessos
 17725 | D:14     | Killed Nessos
 17891 | D:14     | Noticed Louise
 17893 | D:14     | Killed Louise
 18096 | D:14     | Found a sacrificial altar of Ru.
 18578 | D:15     | Entered Level 15 of the Dungeon
 18581 | D:15     | Reached XP level 16. HP: 104/108 MP: 0/0
 18813 | D:14     | Acquired 482 gold pieces
 18815 | D:14     | Acquired a staff of conjuration
 18985 | D:15     | Reached skill level 15 in Spellcasting
 19074 | D:15     | Found a staircase to the Depths.
 19806 | Orc:1    | Entered Level 1 of the Orcish Mines
 19832 | Orc:1    | Noticed Nergalle
 19833 | Orc:1    | Killed Nergalle
 19887 | Orc:1    | Found a transporter.
 19909 | Orc:1    | Found a transporter.
 20052 | Orc:1    | Noticed jt's ghost (journeyman GrSu)
 20262 | Orc:2    | Entered Level 2 of the Orcish Mines
 20533 | Orc:2    | Noticed Dirian's ghost (journeyman MiFi)
 20540 | Orc:2    | Found a transporter.
 20570 | Orc:2    | Found a transporter.
 21024 | Orc:2    | Found Ruubeh's General Store.
 21025 | Orc:2    | Found Monyribe's Book Boutique.
 21027 | Orc:2    | Found Xuelaoc's Antique Armour Shop.
 21027 | Orc:2    | Found Ypsosej's Antique Weapon Shop.
 21042 | Orc:2    | Bought 2 potions of heal wounds for 130 gold pieces
 21251 | Orc:2    | Killed Dirian's ghost
 21481 | Orc:2    | Found a staircase to the Elven Halls.
 21598 | Orc:1    | Lost mutation: You are agile. (Dex +4, Str/Int -1) [a
                  | neqoxec]
 21604 | Orc:1    | Killed jt's ghost
 21609 | Orc:1    | Identified the ring "Saitz" {rPois rF+ rCorr Int-4 SInv}
 21617 | Orc:1    | Got the ring "Maihoogu" {Dex+6 Stlth+}
 21804 | Spider:1 | Entered Level 1 of the Spider Nest
 21867 | Spider:1 | Reached XP level 17. HP: 95/117 MP: 0/0
 21867 | Spider:1 | Learned a level 6 spell: Statue Form
 21870 | Spider:1 | Reached skill level 10 in Shields
 21945 | Spider:1 | Noticed Josephine
 21948 | Spider:1 | Killed Josephine
 21949 | Spider:1 | Reached skill level 15 in Fighting
 23322 | Spider:2 | Acquired the ring of the Enemy {Will+ Str+4}
 23635 | Spider:3 | Found a frozen archway.
 23647 | IceCv    | Entered an ice cave
 23771 | IceCv    | Identified the +1 pair of gloves of the Orcish Mines
                  | {Rampage rPois Will+}
 24018 | IceCv    | Noticed an Ice Fiend
 24026 | IceCv    | Killed an Ice Fiend
 24137 | IceCv    | Identified the +8 arbalest "Odiqor" {flame, Int+5}
 24457 | Spider:3 | Reached XP level 18. HP: 116/124 MP: 0/0
 25039 | Spider:4 | Entered Level 4 of the Spider Nest
 25276 | Spider:3 | Reached skill level 15 in Dodging
 25696 | Spider:4 | Reached skill level 10 in Invocations
 26114 | Spider:4 | Found the +0 mask of the Dragon {Will+ Slay+3 SInv}
 26166 | Spider:4 | Got a gossamer rune of Zot
 26226 | Spider:4 | Reached XP level 19. HP: 122/128 MP: 0/0
 26226 | Spider:4 | Learned a level 6 spell: Conjure Ball Lightning
 26406 | Swamp:1  | Entered Level 1 of the Swamp
 26406 | Swamp:1  | Noticed Frances
 26409 | Swamp:1  | Killed Frances
 26710 | Swamp:1  | Reached skill level 16 in Spellcasting
 27828 | Swamp:2  | Identified the +6 short sword "Cuc Koro" {antimagic, rElec}
 28114 | Swamp:3  | Noticed Kirke
 28177 | Swamp:3  | Killed Kirke
 28757 | Swamp:3  | Reached skill level 17 in Spellcasting
 29200 | Swamp:4  | Entered Level 4 of the Swamp
 29448 | Swamp:4  | Noticed a tentacled monstrosity
 29459 | Swamp:4  | Killed a tentacled monstrosity
 29567 | Swamp:4  | Noticed a tentacled monstrosity
 29580 | Swamp:4  | Killed a tentacled monstrosity
 29681 | Swamp:4  | Reached XP level 20. HP: 128/134 MP: 0/0
 29838 | Swamp:4  | Got a decaying rune of Zot
 30326 | Vaults:1 | Entered Level 1 of the Vaults
 30393 | Vaults:1 | Reached skill level 18 in Spellcasting
 30894 | Vaults:1 | You are sucked into a shaft and drop 1 floor!
 31218 | Vaults:1 | Identified the +0 plate armour of the Armadillo {+Blink}
 31781 | Vaults:2 | Reached XP level 21. HP: 53/141 MP: 0/0
 31781 | Vaults:2 | Learned a level 8 spell: Discord
 32060 | Vaults:2 | Identified the +1 hand axe of Guilt {freeze, rPois rF+
                  | Str+3}
 32082 | Vaults:2 | Noticed Agnes
 32088 | Vaults:2 | Killed Agnes
 32094 | Vaults:2 | Paralysed by something for 4 turns
 32312 | Vaults:2 | Found Roklom's Antique Armour Emporium.
 32708 | Vaults:2 | Found a staircase to the Crypt.
 33034 | Vaults:3 | Identified the +1 scale mail "Zedemi" {rC- Int+5}
 33130 | Vaults:3 | Found a large runed translucent door.
 33130 | Vaults:3 | Found a large runed translucent door.
 33130 | Vaults:3 | Found a large runed translucent door.
 33130 | Vaults:3 | Found a large runed translucent door.
 33130 | Vaults:3 | Found a large runed translucent door.
 33130 | Vaults:3 | Found a large runed translucent door.
 33130 | Vaults:3 | Found a large runed translucent door.
 33130 | Vaults:3 | Found a large runed translucent door.
 33130 | Vaults:3 | Noticed Uhurudgh's ghost (veteran DgEE)
 33401 | Vaults:3 | Reached skill level 15 in Shields
 33477 | Vaults:3 | Found Jipeis Emau's Weapon Emporium.
 33495 | Vaults:3 | Reached XP level 22. HP: 102/149 MP: 0/0
 34437 | Vaults:4 | Reached skill level 19 in Spellcasting
 35635 | Depths:1 | Entered Level 1 of the Depths
 35748 | Depths:1 | Found Lenikos's Antique Weapon Shop.
 35750 | Depths:1 | Found Baidul's General Store.
 35750 | Depths:1 | Found Rugraini's Armour Boutique.
 35755 | Depths:1 | Found Cianaico's Distillery.
 35824 | Depths:1 | Bought a potion of heal wounds for 70 gold pieces
 35827 | Depths:1 | Lost mutation: You are partially covered in iridescent
                  | scales. (AC +2) [potion of mutation]
 35827 | Depths:1 | Lost mutation: You are covered in fur. (AC +1) [potion of
                  | mutation]
 35827 | Depths:1 | Lost mutation: You are frail. (-10% HP) [potion of
                  | mutation]
 35827 | Depths:1 | Gained mutation: You have supernaturally acute eyesight.
                  | (SInv) [potion of mutation]
 35827 | Depths:1 | Gained mutation: You possess an exceptional clarity of
                  | mind. [potion of mutation]
 35827 | Depths:1 | Gained mutation: You are strong-willed. (Will+) [potion of
                  | mutation]
 35857 | Depths:1 | Bought a potion of mutation for 112 gold pieces
 35879 | Depths:1 | Found a broken altar of Ashenzari.
 36140 | Depths:1 | Found a gateway to Hell.
 36389 | Depths:1 | Found a one-way gate to the infinite horrors of the Abyss.
 36578 | Depths:2 | Found a magical portal.
 36588 | WizLab   | Entered The Hall of the Hellbinder
 36713 | WizLab   | Gained mutation: You are frail. (-10% HP) [a cacodemon]
 36719 | WizLab   | Reached XP level 23. HP: 137/157 MP: 0/0
 36719 | WizLab   | Learned a level 8 spell: Ignition
 36752 | WizLab   | Lost mutation: You possess an exceptional clarity of mind.
                  | [potion of mutation]
 36752 | WizLab   | Lost mutation: You have supernaturally acute eyesight.
                  | (SInv) [potion of mutation]
 36752 | WizLab   | Lost mutation: You are strong-willed. (Will+) [potion of
                  | mutation]
 36752 | WizLab   | Gained mutation: You have sharp fingernails. [potion of
                  | mutation]
 36752 | WizLab   | Gained mutation: Your muscles are strong. (Str +4, Int/Dex
                  | -1) [potion of mutation]
 36752 | WizLab   | Gained mutation: You are partially covered in iridescent
                  | scales. (AC +2) [potion of mutation]
 36820 | WizLab   | Noticed Conn
 36824 | WizLab   | Killed Conn the Hellbinder
 36881 | WizLab   | Found a burning altar of Makhleb.
 37041 | Depths:2 | Lost mutation: You have sharp fingernails. [potion of
                  | mutation]
 37041 | Depths:2 | Lost mutation: You are partially covered in iridescent
                  | scales. (AC +2) [potion of mutation]
 37041 | Depths:2 | Gained mutation: You occasionally lose the ability to drink
                  | potions when taking damage. [potion of mutation]
 37041 | Depths:2 | Gained mutation: Your muscles are very strong. (Str +8,
                  | Int/Dex -2) [potion of mutation]
 37041 | Depths:2 | Gained mutation: You have a pair of small horns on your
                  | head. [potion of mutation]
 37042 | Depths:2 | Lost mutation: You are frail. (-10% HP) [potion of
                  | mutation]
 37042 | Depths:2 | Lost mutation: You occasionally lose the ability to drink
                  | potions when taking damage. [potion of mutation]
 37042 | Depths:2 | Lost mutation: You have a pair of small horns on your head.
                  | [potion of mutation]
 37141 | Depths:2 | Reached skill level 20 in Spellcasting
 37500 | Depths:2 | Identified the +5 falchion of Corruption {pain, Int+3 SInv
                  | Stlth-}
 38253 | Depths:2 | Found a one-way gate leading to the halls of Pandemonium.
 38449 | Depths:2 | Found a one-way gateway to a ziggurat.
 38700 | Depths:3 | Noticed Frederick
 38709 | Depths:3 | Killed Frederick
 38970 | Depths:3 | Reached XP level 24. HP: 127/184 MP: 0/0
 39076 | Depths:3 | Reached skill level 21 in Spellcasting
 39780 | Depths:3 | Noticed a juggernaut
 39784 | Depths:3 | Killed a juggernaut
 39787 | Depths:3 | Found the +8 autumn katana {manifold assault}
 39787 | Depths:3 | Found the +8 lance "Wyrmbane" {slay drac, rPois rF+ rC+
                  | AC+3}
 39795 | Depths:3 | Identified the +9 great sword of the Grinning Gods
                  | {protect, rF+ Int-4 Stlth+}
 40019 | Depths:4 | Entered Level 4 of the Depths
 40053 | Depths:4 | Identified the +2 robe "Cobb" {-Cast rN+ Will+}
 40277 | Depths:4 | Noticed a golden dragon
 40286 | Depths:4 | Killed a golden dragon
 40287 | Depths:4 | Identified the amulet of Enebb {Regen+ Int+3}
 40413 | Depths:4 | Found a gate to the Realm of Zot.
 40504 | Depths:4 | Reached skill level 22 in Spellcasting
 40611 | Depths:4 | Found a runed translucent gate.
 40611 | Depths:4 | Found a runed translucent gate.
 40611 | Depths:4 | Found a runed translucent gate.
 40627 | Depths:4 | Reached XP level 25. HP: 193/193 MP: 0/0
 40627 | Depths:4 | Learned a level 8 spell: Borgnjor's Revivification
 40682 | Depths:4 | Found a stormy altar of Qazlal.
 41236 | Depths:4 | Acquired 338 gold pieces
 41564 | Vaults:5 | Entered Level 5 of the Vaults
 41569 | Vaults:5 | Noticed Xtahua
 41667 | Vaults:5 | Noticed Mennas
 41671 | Vaults:5 | Noticed an ancient lich
 41780 | Vaults:5 | Reached skill level 23 in Spellcasting
 41954 | Vaults:5 | Killed Xtahua
 42163 | Vaults:5 | Identified the ring "Qenturis" {Int+6 Slay+2}
 42279 | Vaults:5 | Reached XP level 26. HP: 200/200 MP: 0/0
 42306 | Vaults:5 | Killed Mennas
 42306 | Vaults:5 | Identified the ring "Xyekyacs" {Ice +Blink Will+ Str-4
                  | Int+2 Dex+3}
 42335 | Vaults:5 | Identified the ring of Darkness {*Corrode Fly rPois Will+}
 42407 | Vaults:5 | Identified the ring "Ygenepo" {Will+ Int+2}
 42417 | Vaults:5 | Reached skill level 24 in Spellcasting
 42435 | Vaults:4 | Killed an ancient lich
 42484 | Vaults:5 | Reached XP level 27. HP: 205/205 MP: 0/0
 42484 | Vaults:5 | Learned a level 9 spell: Death's Door
 42688 | Vaults:5 | Found Semoom's Armour Boutique.
 42856 | Vaults:5 | Got a silver rune of Zot
 42862 | Vaults:5 | Noticed a dread lich
 42873 | Vaults:5 | Killed a dread lich
 43241 | Vaults:5 | Bought the +3 ring mail "Ujaxan" {Int+6} for 540 gold
                  | pieces
 43594 | Slime:1  | Entered Level 1 of the Pits of Slime
 43613 | Slime:2  | You are sucked into a shaft and drop 2 floors!
 43739 | Slime:5  | Entered Level 5 of the Pits of Slime
 43756 | Slime:5  | Noticed the Royal Jelly
 43759 | Slime:5  | Killed the Royal Jelly
 43762 | Slime:5  | Reached skill level 25 in Spellcasting
 43788 | Slime:5  | Found the +8 demon trident "Rift" {distort, reach+}
 43796 | Slime:5  | Found the +3 robe of Clouds {*Thunder rCloud rElec}
 43815 | Slime:5  | Identified the +4 dagger "Jych" {pain, Int+3 Dex+4}
 43820 | Slime:5  | Identified the ring of the Hurtling Fool {Fly MP+9 Int+7
                  | Dex-2}
 43836 | Slime:5  | Identified the +1 mace "Qaowotef" {elec, rC+ Will- MP+9
                  | Dex+5}
 43847 | Slime:5  | Identified the +3 dagger of Focus {holy, SInv}
 43889 | Slime:5  | Identified the -1 pair of gloves "Agiorel" {Str-3 Dex+8}
 43909 | Slime:5  | Got a slimy rune of Zot
 43930 | Slime:5  | Identified the +4 pair of boots of the Hippo {rF+}
 44523 | Slime:1  | Gained mutation: You occasionally lose the ability to read
                  | scrolls when taking damage. [a shining eye]
 45303 | Zot:1    | Entered Level 1 of the Realm of Zot
 45368 | Zot:1    | Noticed an orb of fire
 45379 | Zot:2    | Found the +4 dragonskin cloak
 45379 | Zot:2    | Noticed Tiamat
 45393 | Zot:2    | Killed Tiamat
 45420 | Zot:1    | Reached skill level 26 in Spellcasting
 45688 | Zot:5    | Entered Level 5 of the Realm of Zot
 46100 | Zot:5    | Noticed a dread lich
 46104 | Zot:5    | Noticed an orb of fire
 46195 | Zot:5    | Lost mutation: You occasionally lose the ability to read
                  | scrolls when taking damage. [potion of mutation]
 46195 | Zot:5    | Lost mutation: Your muscles are very strong. (Str +8,
                  | Int/Dex -2) [potion of mutation]
 46195 | Zot:5    | Lost mutation: Your muscles are strong. (Str +4, Int/Dex
                  | -1) [potion of mutation]
 46195 | Zot:5    | Gained mutation: You occasionally shout uncontrollably at
                  | your foes. [potion of mutation]
 46196 | Zot:5    | Lost mutation: You occasionally shout uncontrollably at
                  | your foes. [potion of mutation]
 46196 | Zot:5    | Gained mutation: You are partially covered in iridescent
                  | scales. (AC +2) [potion of mutation]
 46196 | Zot:5    | Gained mutation: You have a pair of small horns on your
                  | head. [potion of mutation]
 46230 | Zot:5    | Noticed an orb of fire
 46243 | Zot:5    | Noticed a Killer Klown
 46243 | Zot:5    | Killed an orb of fire
 46246 | Zot:5    | Killed a dread lich
 46252 | Zot:5    | Gained mutation: You occasionally shout uncontrollably at
                  | your foes. [an orb of fire]
 46255 | Zot:5    | Killed an orb of fire
 46261 | Zot:5    | Killed a Killer Klown
 46338 | Zot:5    | Noticed an ancient lich
 46338 | Zot:5    | Noticed a Killer Klown
 46339 | Zot:5    | Noticed an orb of fire
 46345 | Zot:5    | Killed an orb of fire
 46346 | Zot:5    | Reached skill level 27 in Spellcasting
 46352 | Zot:5    | Killed a Killer Klown
 46352 | Zot:5    | Killed an ancient lich
 46361 | Zot:5    | Noticed an orb of fire
 46362 | Zot:5    | Gained mutation: Potions are less effective at restoring
                  | your health. [an orb of fire]
 46366 | Zot:5    | Gained mutation: You occasionally lose the ability to drink
                  | potions when taking damage. [an orb of fire]
 46370 | Zot:5    | Killed an orb of fire
 46371 | Zot:5    | Noticed an orb of fire
 46372 | Zot:5    | Noticed an ancient lich
 46373 | Zot:5    | Gained mutation: You are strong-willed. (Will+) [an orb of
                  | fire]
 46374 | Zot:5    | Noticed an orb of fire
 46378 | Zot:5    | Killed an ancient lich
 46381 | Zot:5    | Killed an orb of fire
 46384 | Zot:5    | Killed an orb of fire
 46387 | Zot:5    | Noticed a Killer Klown
 46387 | Zot:5    | Noticed an orb of fire
 46391 | Zot:5    | Gained mutation: You sometimes lose the ability to drink
                  | potions when taking damage. [an orb of fire]
 46393 | Zot:5    | Killed a Killer Klown
 46533 | Zot:5    | Noticed a Killer Klown
 46537 | Zot:5    | Gained mutation: You are frail. (-10% HP) [an orb of fire]
 46539 | Zot:5    | Killed an orb of fire
 46543 | Zot:5    | Killed a Killer Klown
 46610 | Zot:5    | Noticed an orb of fire
 46616 | Zot:5    | Noticed a Killer Klown
 46618 | Zot:5    | Killed an orb of fire
 46624 | Zot:5    | Killed a Killer Klown
 46971 | Zot:5    | Got the Orb of Zot
 47466 | D:2      | Noticed Jukhlita the pandemonium lord
 47520 | D:1      | Killed Jukhlita the pandemonium lord
 47541 | D:1      | Lost mutation: Potions are less effective at restoring your
                  | health. [potion of mutation]
 47541 | D:1      | Lost mutation: You are frail. (-10% HP) [potion of
                  | mutation]
 47541 | D:1      | Lost mutation: You sometimes lose the ability to drink
                  | potions when taking damage. [potion of mutation]
 47541 | D:1      | Gained mutation: You are clumsy. (Dex -2) [potion of
                  | mutation]
 47541 | D:1      | Gained mutation: You have sharp fingernails. [potion of
                  | mutation]
 47542 | D:1      | gg
 47543 | D:$      | Escaped with the Orb!

Illustrated notes

.P...P...# #......##########
PP.....### #.#.##..........#
P..PP..# ###.###.#######.#
PPP.P..# ###.###.#######.#
.......# #.....#.....#..(#
###..#.#####
#.###.###.#.#.###
...........###.# #...#.#...#
######.......#.#####.#.#####
# #####.###.#@..#.#...# #
#.# #.###.#+###.### # #.#
###...#...#...# # #.#
###.#####.###.# # #.# #...#
#.....#.# ##########)#
#(#####.###.#.# ##.......^.#
#...#...# #.#.# .....)♣##.>#
###.#.#.###.#.# ..P~~....♣.#
#...#.....#.#


Turn 47542 on D:1: gg

Levels and vault maps discovered:
D:1:      elethiomel_arrival_maze, layout_loops_ring, serial_bayou,
          serial_bayou_pond_e, serial_bayou_ford_a, serial_bayou_lake_a,
          serial_bayou_pond_a, nicolae_grassy_gnolls
D:2:      layout_loops_ring, minmay_worlds_worst_comb
D:3:      layout_basic, nicolae_overflow_crystal_walls, serial_shops,
          nicolae_shop_stone, minmay_quadrilaterals
D:4:      layout_basic, lemuel_crystal_altar, lemuel_crystal_altar,
          lightli_sewer_entry_pipes, ebering_ghost_disaster_area, uniq_eustachio
D:5:      kennysheep_spiral_hall, layout_rooms, mainiacjoe_overflow_alcove_1,
          serial_park_tiny_2, uniq_grinder
D:6:      layout_loops_ring, nicolae_overflow_hidden_temple,
          minmay_temple_entry_butterflies
D:7:      layout_loops_ring, okawaru_humans, serial_shops, shop
D:8:      layout_cave_pods, regret_index_temple_of_mockery,
          nicolae_vehumet_altar_sigil, serial_shops, nicolae_shop_stone,
          minmay_between, uniq_pikel, uniq_joseph, uniq_grum
D:9:      layout_rooms, gammafunk_temple_overflow_wave, hellmonk_lair_entry_icy,
          serial_shops, nicolae_shop_hallway_plus, nicolae_stop_n_shop_2,
          nicolae_take_the_stairs, nicolae_diamond_shop, kennysheep_mini_moat,
          kb_lookout_dungeons_type, nicolae_shop_gadgets, uniq_harold,
          uniq_gastronok
D:10:     layout_roguey, nicolae_wu_jian_wuxing_cycle, lightli_temple_of_fire,
          hangedman_decor_clover_reticule, kennysheep_generic_room_4
D:11:     layout_irregular_city, david_orc_4, ebering_ghost_reflecting_pool,
          fedhas_altar_3, uniq_lodul
D:12:     layout_roguey, serial_park_tiny_pond, uniq_azrael, uniq_urug,
          uniq_maurice
D:13:     layout_loops_ring, david_vaults_4, gauntlet_entry_generic,
          serial_shops, nicolae_shop_hallway_stairs, uniq_jorgrun
D:14:     layout_gridville, kennysheep_boxes, nicolae_ru_sacrificial_ziggurat,
          uniq_nessos, uniq_louise
D:15:     gammafunk_enter_depths_forms, layout_basic
Lair:1:   layout_cave_pods, minmay_stone_trees_small, patterned_corridor
Lair:2:   layout_regular_city, chequers_serial_rivers_small_b,
          hellmonk_guarded_unrand_seven_league_boots, serial_bayou_shore_a
Lair:3:   layout_hall_layers, nicolae_swamp_entry_splash_gauntlet,
          spider_nest_entry_web_field, grunt_forest_small_clearing_treed
Lair:4:   layout_long_grid, nicolae_slime_entry_slimehenge,
          minmay_lindwurm_lava, grunt_megastairs_4, serial_bayou_shore_b
Lair:5:   due_jungle_book, layout_regular_city, chequers_serial_rivers_small_a,
          amcnicky_mini_pool_medium, lemuel_fruit_fields, lemuel_fruit_tree
Swamp:1:  layout_basic_swamp, nicolae_swamp_triple_paths, swamp_pool2,
          infiniplex_staircase_pool_2, uniq_frances
Swamp:2:  layout_falls_marsh, evilmike_swamp_ruin_house_3,
          infiniplex_staircase_pool
Swamp:3:  layout_basic_swamp, serial_swamp_ruin, evilmike_swamp_ruin_house_1,
          evilmike_swamp_ruin_house_6, evilmike_swamp_ruin_wall, swamp_pool2,
          hangedman_swamp_wriggling, uniq_kirke
Swamp:4:  swamp, layout_basic_swamp
Spider:1: layout_spider_delve, uniq_josephine
Spider:2: nicolae_spider_mines_1, spiders_nest_spider_trap
Spider:3: layout_cave_pods, portal_ice_cave_entry_pillars_2
Spider:4: spider_rune_water, nicolae_spider_some_kinda_spiderbox
Slime:1:  layout_caves
Slime:2:  layout_caves
Slime:3:  layout_caves
Slime:4:  layout_caves, basic_altar, uniq_dissolution
Slime:5
Orc:1:    layout_diamond_mine, basic_altar, gammafunk_ghost_stat_death,
          uniq_nergalle
Orc:2:    st_orc_congregation, layout_caves, gammafunk_ghost_arena, rock_pile
Vaults:1: v_pattern_4, vaults_room_semicircle, nicolae_vaults_ring_of_whatevers,
          nicolae_vaults_inception_network, vaults_mumra_hex,
          nicolae_vaults_hallways_thing, hangedman_vaults_stitches,
          v_alt_pattern_3, grunt_vaults_focal, ontoclasm_vaults_twist,
          vaults_room_corners, nicolae_vaults_network_square,
          nicolae_vaults_sealed_display, layout_vaults_maze
Vaults:2: v_misc_22, nicolae_vaults_diagonal_hallway_8, ontoclasm_vaults_chip,
          hangedman_vaults_nails, vaults_dpeg_doors, vaults_mumra_hexcomb,
          v_misc_4, minmay_crypt_entry_nasty_monster, ontoclasm_vaults_tryst,
          v_misc_22, v_misc_9, v_rooms_4, sword_in_stone,
          ontoclasm_vaults_pinch, layout_vaults_omnibox, serial_shops, shop
Vaults:3: advil_vaults_ghost_lines, vaults_dpeg_cross, grunt_vaults_bifocal,
          nicolae_vaults_little_ls, v_misc_9, nicolae_vaults_little_squares_3,
          vaults_room_corners, grunt_vaults_hallway_short,
          grunt_vaults_hallway_long, layout_vaults_quadrants, serial_shops,
          nicolae_shop_bloodbath_and_beyond
Vaults:4: vaults_dpeg_ring, v_pattern_2, ontoclasm_vaults_claustrophobia,
          v_alt_pattern_3, nicolae_vaults_halls_meeting, v_misc_25,
          vaults_standard_mumra_lines, vaults_room_large_hall,
          vaults_mumra_minichess, v_rooms_3, dpeg_vaults_monster_box,
          vaults_room_corners, layout_vaults_ring
Vaults:5: serial_shops, uniq_mennas, uniq_xtahua
Depths:1: layout_gridville, abyss_entry, serial_sigils_hangedman_gut,
          hangedman_coc_ice_floe, ashenzari_conservatory_becter,
          minmay_shoptagon
Depths:2: minmay_skeleton_keep, layout_honeycomb, enter_ziggurat_d,
          mu_enter_wizlab_3, grunt_hell_horde, rand_demon_pan_entry_7, drop_trap
Depths:3: giant_chief_lemuel, layout_cave_shapes, pf_hell_entry_tar_river,
          nicolae_abyss_entry_one_way_or_another,
          infiniplex_staircase_pillars_1, uniq_frederick
Depths:4: lemuel_castle_with_subvaults [lemuel_castle_interior_carwin_1],
          layout_gridlike, abyss_entry, nicolae_qazlal_general_emergency,
          hellmouth_3, pandoras_box_mu
Zot:1:    layout_basic, uniq_parghit, uniq_vv
Zot:2:    layout_concentric_octagons, uniq_tiamat
Zot:3:    minmay_elemental_castle, layout_misc_corridors,
          ebering_ghost_reflecting_pool, st_stairs_1, st_single_dragon_hoard_4
Zot:4:    layout_concentric_octagons
Zot:5:    layout_onion

Skill      XL: |  1  2  3  4  5  6  7  8  9 10 11 12 13 14 15 16 17 18 19 20 21 22 23 24 25 26 27 |
---------------+----------------------------------------------------------------------------------+-----
Fighting       | 1 2 3 4 5 7 9 10 12 13 14 15 16 18 20 | 20.9
Spellcasting   | 4 5 6 7 8 10 11 12 13 14 15 17 18 19 20 22 23 24 27 | 27.0
Dodging        | 5 8 11 13 15 17 18 | 18.0
Evocations     | 5 8 |  8.0
Invocations    | 6 9 10 11 13 | 13.0
Shields        | 4 6 9 12 13 15 | 15.0
Stealth        | |  1.5

Action                     |  1- 3 |  4- 6 |  7- 9 | 10-12 | 13-15 | 16-18 | 19-21 | 22-24 | 25-27 || total
---------------------------+-------+-------+-------+-------+-------+-------+-------+-------+-------++-------
  Melee: Long sword        |       |       |       |     7 |       |       |       |       |       ||     7
         Trident           |       |       |       |     9 |    18 |       |       |       |       ||    27
         Punch             |       |       |       |       |     1 |       |       |       |       ||     1
         Demon trident     |       |       |       |       |       |    27 |     1 |       |       ||    28
         Staff             |       |       |       |       |       |       |    43 |    37 |    13 ||    93
   Cast: Magic Dart        |    70 |    84 |   200 |       |       |       |       |       |       ||   354
         Searing Ray       |     1 |     4 |    19 |       |       |       |       |       |       ||    24
         Fulminant Prism   |       |     1 |     4 |     9 |       |       |     5 |     2 |    62 ||    83
         Iskenderun's Myst |       |       |    33 |   182 |   339 |   366 |   408 |   368 |   367 ||  2063
         Hailstorm         |       |       |       |     8 |    11 |     2 |       |    21 |     4 ||    46
         Lightning Bolt    |       |       |       |     1 |    75 |   305 |     2 |    10 |       ||   393
         Statue Form       |       |       |       |       |       |    31 |    65 |    22 |    15 ||   133
         Agony             |       |       |       |       |       |     4 |       |     4 |       ||     8
         Conjure Ball Ligh |       |       |       |       |       |       |    84 |     1 |     3 ||    88
         Ignition          |       |       |       |       |       |       |       |   260 |   346 ||   606
         Dispersal         |       |       |       |       |       |       |       |       |     1 ||     1
 Invoke: Temporal Distorti |       |       |       |       |     1 |       |       |       |       ||     1
         Slouch            |       |       |       |       |       |     1 |       |     4 |     3 ||     8
         Step From Time    |       |       |       |       |       |       |       |       |     5 ||     5
Ability: End Transformatio |       |       |       |       |       |     3 |       |       |     2 ||     5
  Evoke: Wand              |       |       |       |       |     1 |       |     1 |     3 |     1 ||     6
         Phantom mirror    |       |       |       |       |     1 |       |       |       |     1 ||     2
         Tin of tremorston |       |       |       |       |       |       |       |     1 |       ||     1
         Box of beasts     |       |       |       |       |       |       |       |       |     1 ||     1
         Phial of floods   |       |       |       |       |       |       |       |       |     1 ||     1
    Use: Scroll            |     5 |       |    12 |     6 |     8 |     6 |       |     2 |    16 ||    55
         Potion            |       |       |     4 |       |     1 |       |       |     6 |    16 ||    27
   Stab: Sleeping          |       |       |       |       |     1 |       |       |       |       ||     1
 Armour: Robe              |     2 |     2 |       |       |       |       |       |       |       ||     4
         Leather armour    |       |       |    37 |    40 |    48 |    34 |    11 |    22 |     4 ||   196
         Skin              |       |       |       |       |       |   153 |   139 |    32 |    56 ||   380
         Ring mail         |       |       |       |       |       |       |       |       |    18 ||    18
  Dodge: Dodged            |    10 |    10 |    58 |   122 |   245 |   589 |   653 |   410 |   369 ||  2466
         Repelled          |       |       |       |       |       |       |    17 |    16 |    21 ||    54
  Block: Kite shield       |       |       |       |       |    97 |   660 |   632 |   436 |   365 ||  2190

Table legend: (Time is in decaauts)
 A = Elapsed time spent in this place.
 B = Non-inter-level travel time spent in this place.
 C = Inter-level travel time spent in this place.
 D = Time resting spent in this place.
 E = Time spent auto-exploring this place.
 F = Levels seen in this place.
 G = Mean time per level.
                   A        B        C        D        E       F      G
               +--------+--------+--------+--------+--------+-----+--------+
         Total |  82838 |  73520 |   9318 |   9417 |  47709 |  53 | 1563.0 |
       Dungeon |  22218 |  18800 |   3418 |   2493 |  13233 |  15 | 1481.2 |
          Lair |  10451 |   8882 |   1569 |    481 |   7136 |   5 | 2090.2 |
         Swamp |   6720 |   6180 |    540 |   1099 |   3785 |   4 | 1680.0 |
   Spider Nest |   7024 |   6570 |    454 |   1092 |   3889 |   4 | 1756.0 |
    Slime Pits |   2611 |   2327 |    284 |    191 |   1292 |   5 |  522.2 |
  Orcish Mines |   3531 |   3066 |    465 |    149 |   2210 |   2 | 1765.5 |
        Vaults |  14436 |  12824 |   1612 |   1327 |   8456 |   5 | 2887.2 |
        Depths |   9491 |   8784 |    707 |   1239 |   5546 |   4 | 2372.8 |
           Zot |   2629 |   2363 |    266 |    496 |    682 |   5 |  525.8 |
         Sewer |    970 |    970 |      0 |    413 |    376 |   1 |  970.0 |
      Ice Cave |   1187 |   1187 |      0 |    264 |    588 |   1 | 1187.0 |
        Wizlab |    743 |    743 |      0 |    143 |    285 |   1 |  743.0 |
      Gauntlet |    823 |    823 |      0 |     28 |    226 |   1 |  823.0 |
               +--------+--------+--------+--------+--------+-----+--------+

Top non-repeatable levels by time:
Vaults:4: 3065 daAuts
Depths:2: 3059 daAuts
Vaults:3: 2962 daAuts
Vaults:1: 2898 daAuts
Vaults:5: 2777 daAuts
Vaults:2: 2732 daAuts
  Lair:5: 2648 daAuts
    D:15: 2459 daAuts
Spider:3: 2434 daAuts
Depths:4: 2409 daAuts
 Swamp:3: 2401 daAuts
    D:14: 2392 daAuts
Depths:3: 2369 daAuts
   Orc:2: 2355 daAuts
  Lair:1: 2187 daAuts
